 Dungeon Crawl Stone Soup version 0.28-a0-1143-gcf6077d4cc (webtiles) character file.

Game seed: 13956892245673535220

212 Flubbersnuff the Chopper (level 5, 0/47 HPs)
             Began as a Minotaur Berserker on Sept 7, 2021.
             Was a Believer of Trog.
             Succumbed to a kobold's poison
             ... on level 3 of the Dungeon on Dec 13, 2021.
             The game lasted 00:13:42 (3701 turns).

Flubbersnuff the Chopper (Minotaur Berserker)       Turns: 3701, Time: 00:13:43

Health: 0/47       AC:  5    Str: 23    XL:     5   Next: 58%
Magic:  4/4        EV: 11    Int:  4    God:    Trog [**....]
Gold:   118        SH:  0    Dex:  9    Spells: 4/4 levels left

rFire   . . .      SeeInvis .   a - +0 hand axe
rCold   . . .      Faith    .   (no shield)
rNeg    . . .      Spirit   .   k - +0 ring mail
rPois   .          Reflect  .   (helmet restricted)
rElec   .          Harm     .   (no cloak)
rCorr   .          Rampage  .   (no gloves)
Will    .....                   (no boots)
Stlth   ..........              (no amulet)
HPRegen 0.15/turn               (no ring)
MPRegen 0.09/turn               (no ring)

@: mighty, lethally poisoned (0 -> -10), slowed, very slow
A: horns 2, retaliatory headbutt
a: Renounce Religion, Berserk, Trog's Hand


You were on level 3 of the Dungeon.
You worshipped Trog.
Trog was pleased with you.
You visited 1 branch of the dungeon, and saw 3 of its levels.

You collected 118 gold pieces.

Inventory:

Hand Weapons
 a - a +0 hand axe (weapon)
Armour
 k - a +0 ring mail (worn)
Scrolls
 d - 2 scrolls of identify {unknown}
 f - 3 scrolls of teleportation {unknown}
 g - a scroll of fear {unknown}
 l - a scroll of immolation {unknown}
Potions
 b - a potion of ambrosia {unknown}
 e - a potion of haste {unknown}
 h - a potion of invisibility {unknown}
 i - a potion of lignification {unknown}
 j - a potion of curing {unknown}
 m - a potion of flight {unknown}


   Skills:
 + Level 4.9 Fighting
 * Level 6.0 Axes
 + Level 4.0 Armour
 - Level 2.2 Dodging


You had 4 spell levels left.
You didn't know any spells.
Your spell library was empty.

Dungeon Overview and Level Annotations

Branches:
Dungeon (3/15)

Altars:

Shops:
D:1 (


Innate Abilities, Weirdness & Mutations

You have a pair of horns on your head.
You reflexively headbutt those who attack you in melee.


Message History

Found a dagger.
You start resting.
A rat comes into view.
You are too injured to fight recklessly!
You are too injured to fight recklessly!
You are too injured to fight recklessly!
You are too injured to fight recklessly!
The kobold hits you but does no damage.
A kobold comes into view.
It is wielding a +0 mace and quivering poisoned darts.
You completely miss the kobold. The kobold hits you with a +0 dagger.
* * * LOW HITPOINT WARNING * * *
The kobold hits you but does no damage.
You barely miss the kobold. Your headbutt misses the kobold.
The kobold throws a poisoned dart.
The poisoned dart hits you!
You are poisoned.
The kobold hits you with a +0 dagger.
* * * LOW HITPOINT WARNING * * *
You barely miss the kobold.
You recover from your berserk rage.
You feel very sick. The kobold closely misses you. x2
You slash the kobold!
You kill the kobold!
Trog accepts your kill.
You hit the rat.
You kill the rat!
Trog accepts your kill.
You feel sick.
You feel sick.
Things that are here:
a +0 dagger; 2 stones You feel sick.
The kobold throws a poisoned dart.
The poisoned dart barely misses you.
You feel sick.
You are no longer poisoned.
The kobold throws a poisoned dart.
The poisoned dart hits you!
You are lethally poisoned!
It was a potion of might.
You feel very mighty all of a sudden.
You die...

..#####.######
#..##.........
............. #............
##.####.##K......#
........K........##
...###.#.......... .
###.##)##...... ..
#.@............ ..
#....#.##.#..##
......#.......# .#
...#..#.......# #
#..#..#.......#
..........####.##(
..#..#.###.# .....
...#.............#.###..##.
...........................


You could see a kobold.

Vanquished Creatures
  A centaur skeleton (D:3)
  An orc priest (D:3)
  Natasha (twice) (D:3)
  3 adders
  2 dart slugs
  7 orcs
  2 ball pythons
  3 endoplasms (D:1)
  A giant cockroach (D:1)
  4 goblins
  6 hobgoblins
  10 jackals (D:1)
  2 quokkas
  3 frilled lizards
  10 kobolds
  9 rats
66 creatures vanquished.

Vanquished Creatures (others)
  15 plants (D:3)
15 creatures vanquished.

Grand Total: 81 creatures vanquished

Notes
Turn   | Place    | Note
-------+----------+-------------------------------------------
     0 | D:1      | Flubbersnuff the Minotaur Berserker began the quest for the
                  | Orb.
     0 | D:1      | Reached XP level 1. HP: 19/19 MP: 0/0
   303 | D:1      | Reached skill level 4 in Axes
   438 | D:1      | Reached XP level 2. HP: 27/27 MP: 1/1
   894 | D:1      | Reached XP level 3. HP: 33/33 MP: 2/2
  1255 | D:1      | Found Talebb's Weapon Boutique.
  2922 | D:2      | Reached XP level 4. HP: 38/41 MP: 3/3
  3190 | D:3      | Reached skill level 5 in Axes
  3361 | D:2      | Upgraded the game from 0.28-a0-413-gde365fb1df to
                  | 0.28-a0-1143-gcf6077d4cc
  3410 | D:3      | Reached ** piety under Trog
  3411 | D:3      | Reached XP level 5. HP: 47/47 MP: 4/4
  3459 | D:3      | Noticed Natasha
  3488 | D:3      | Killed Natasha
  3647 | D:3      | Noticed Natasha
  3660 | D:3      | Killed Natasha
  3661 | D:3      | Reached skill level 6 in Axes
  3701 | D:3      | Succumbed to a kobold's poison

Illustrated notes

Levels and vault maps discovered:
D:1:      dpeg_arrival_simpleton_c, layout_basic, serial_shops, shop
D:2:      layout_basic, minmay_misc_feat_more_columns
D:3:      cheibrodos_pilgrimage, layout_basic,
          hellmonk_ecumenical_altar_heavens_door, lexackson_kobold_supper,
          uniq_natasha

Skill      XL: |  1  2  3  4  5 |
---------------+----------------+-----
Axes           | 4 5 6 |  6.0
Fighting       | 4 |  4.9
Armour         | 3 4 |  4.0
Dodging        | |  2.2

Action                   |  1- 3 |  4- 6 || total
-------------------------+-------+-------++-------
Melee: Hand axe          |    81 |    55 ||   136
       Headbutt          |     8 |     8 ||    16
Invok: Berserk           |     3 |     1 ||     4
  Use: Potion            |       |     1 ||     1
 Stab: Sleeping          |     1 |       ||     1
Armor: Animal skin       |     8 |       ||     8
       Ring mail         |     3 |    18 ||    21
Dodge: Dodged            |    50 |    30 ||    80

Table legend: (Time is in decaauts)
 A = Elapsed time spent in this place.
 B = Non-inter-level travel time spent in this place.
 C = Inter-level travel time spent in this place.
 D = Time resting spent in this place.
 E = Time spent auto-exploring this place.
 F = Levels seen in this place.
 G = Mean time per level.
                   A        B        C        D        E       F      G
               +--------+--------+--------+--------+--------+-----+--------+
         Total |   3762 |   3496 |    266 |   1227 |   1593 |   3 | 1254.0 |
       Dungeon |   3762 |   3496 |    266 |   1227 |   1593 |   3 | 1254.0 |
               +--------+--------+--------+--------+--------+-----+--------+

Top non-repeatable levels by time:
     D:1: 1736 daAuts
     D:2: 1667 daAuts
     D:3: 358 daAuts
